 Dungeon Crawl Stone Soup version 0.28-a0-245-g639a1a48b9 (webtiles) character file.

Game seed: 7870248497442052625

102 frimble the Thaumaturge (level 4, -1/32 HPs)
             Began as a Gnoll Wanderer on Aug 25, 2021.
             Was an Initiate of Cheibriados.
             Succumbed to a scorpion's poison
             ... on level 5 of the Dungeon.
             The game lasted 00:07:05 (3553 turns).

frimble the Thaumaturge (Gnoll Wanderer)            Turns: 3553, Time: 00:07:05

Health: -1/32      AC:  7    Str: 11    XL:     4   Next: 77%
Magic:  0/15       EV: 11    Int: 14    God:    Cheibriados [......]
Gold:   48         SH:  0    Dex: 11    Spells: 18/21 levels left

rFire   . . .      SeeInvis .   a - +0 dagger
rCold   . . .      Faith    .   (no shield)
rNeg    . . .      Spirit   .   h - +2 animal skin
rPois   +          Reflect  .   l - +1 helmet
rElec   .          Harm     .   (no cloak)
rCorr   .          Rampage  .   (no gloves)
Will    .....                   (no boots)
Stlth   ++........              (no amulet)
HPRegen 0.10/turn               k - ring of poison resistance
MPRegen 0.14/turn               (no ring)

@: lethally poisoned (-1 -> -9), very slow
A: fangs 1, strong nose, distributed training, clumsy 1, shaggy fur 1
a: Renounce Religion, Bend Time


You were on level 5 of the Dungeon.
You worshipped Cheibriados.
Cheibriados was noncommittal.
You visited 1 branch of the dungeon, and saw 5 of its levels.

You collected 48 gold pieces.

Inventory:

Hand Weapons
 a - a +0 dagger (weapon)
Armour
 h - a +2 animal skin (worn)
 l - a +1 helmet (worn)
Jewellery
 j - a ring of fire
 k - a ring of poison resistance (left hand)
Scrolls
 c - a scroll of identify
 i - a scroll of enchant weapon


   Skills:
 + Level 1.2 Fighting
 + Level 1.2 Short Blades
 + Level 1.2 Long Blades
 + Level 1.2 Axes
 + Level 1.2 Maces & Flails
 + Level 1.2 Polearms
 + Level 1.2 Staves
 + Level 1.2 Slings
 + Level 1.2 Bows
 + Level 1.2 Crossbows
 + Level 2.8 Throwing
 + Level 1.2 Armour
 + Level 1.2 Dodging
 + Level 2.6 Stealth
 + Level 1.2 Shields
 + Level 1.2 Unarmed Combat
 + Level 9.3 Spellcasting
 + Level 2.3 Conjurations
 + Level 1.0 Hexes
 + Level 1.0 Summonings
 + Level 1.0 Necromancy
 + Level 1.0 Translocations
 + Level 3.9 Transmutations
 + Level 2.3 Fire Magic
 + Level 1.0 Ice Magic
 + Level 1.0 Air Magic
 + Level 1.0 Earth Magic
 + Level 1.0 Poison Magic
 + Level 1.3 Invocations
 + Level 1.2 Evocations


You had 18 spell levels left.
You knew the following spells:

 Your Spells              Type           Power      Damage    Failure   Level
a - Magic Dart            Conj           48%        1d5       4%          1
b - Blink                 Tloc           N/A        N/A       11%         2

Your spell library contained the following spells:

 Spells                   Type           Power      Damage    Failure   Level
 Call Imp                 Summ           9%         N/A       11%         2
 Slow                     Hex            9%         N/A       11%         2
 Conjure Flame            Conj/Fire      12%        6-21      13%         3
 Mephitic Cloud           Conj/Pois/Air  10%        N/A       19%         3


Dungeon Overview and Level Annotations

Branches:
Dungeon (5/15)
 Temple: D:4-7

Altars:
Cheibriados
Kikubaaqudgha

Annotations:
D:3 Grinder, Sigmund
D:4 Dowan, Eustachio, Menkaure


Innate Abilities, Weirdness & Mutations

You have very sharp teeth.
Your uncanny sense of smell can sniff out nearby items.
Your experience applies equally to all skills.
You are clumsy. (Dex -2)
You are covered in fur. (AC +1)


Message History

You hit the scorpion.
The scorpion is heavily wounded.
The scorpion stings you but does no damage.
You barely miss the scorpion.
The scorpion is heavily wounded.
The scorpion stings you but does no damage.
You hit the scorpion but do no damage.
The scorpion is heavily wounded.
The scorpion stings you but does no damage.
The scorpion barely misses you.
Aiming: Magic Dart (safe; 4% risk of failure)
Press: ? - help, Q - select action, (/) - cycle Shift-Dir - straight line, f/p - scorpion
Aim: a scorpion (heavily wounded, 100% to hit)
The magic dart hits the scorpion but does no damage.
The scorpion is heavily wounded.
You feel less wooden.
Your +1 helmet unmelds from your body.
Your +2 animal skin unmelds from your body.
The scorpion stings you but does no damage.
Really quaff the potion of mutation?
You feel extremely strange.
You feel clumsy. Fur sprouts all over your body.
The scorpion stings you but does no damage.
You aren't carrying any items that you can evoke.
You aren't carrying any potions.
Okay, then.
Unknown command.
You aren't carrying any potions.
Unknown command.
Unknown command.
The scorpion stings you.
* * * LOW HITPOINT WARNING * * *
You are lethally poisoned!
The scorpion poisons you!
Found a potion of mutation.
* * * LOW HITPOINT WARNING * * *
You feel very sick.
You aren't carrying any potions.
Unknown command.
You die...

#.≈≈...≈≈.#.....#
#.≈.≈≈≈.≈.#.....#
#.≈.....≈.#.....#
#..§≈≈≈≈..#.....#
......#########...?.#
....................#
.............s......#
.... ...............#
.... ........@......#
. ...............#
...............#
.................
.................
................
.............!..
...............


You could see a scorpion.

Vanquished Creatures
  Terence (D:3)
  Robin (D:3)
  An adder (D:3)
  2 dart slugs (D:2)
  3 ball pythons
  3 bats (D:1)
  7 endoplasms
  6 goblins (D:3)
  12 hobgoblins
  3 quokkas
  2 frilled lizards
  2 kobolds (D:3)
  4 rats
47 creatures vanquished.

Notes
Turn   | Place    | Note
-------+----------+-------------------------------------------
     0 | D:1      | Reached skill level 9 in Spellcasting
     0 | D:1      | frimble the Gnoll Wanderer began the quest for the Orb.
     0 | D:1      | frimble set off with the following items: a +0 dagger, a +0
                  | robe, a scroll of teleportation; and the following spell
                  | memorised: Magic Dart; and the following spells available
                  | to memorise: Conjure Flame, Blink, Call Imp, Slow, Mephitic
                  | Cloud
     0 | D:1      | Reached XP level 1. HP: 13/13 MP: 10/10
   222 | D:1      | Reached XP level 2. HP: 17/19 MP: 6/12
   389 | D:1      | Learned a level 2 spell: Blink
  1181 | D:2      | Reached XP level 3. HP: 3/25 MP: 3/13
  1691 | D:2      | Found a faded altar of an unknown god.
  2277 | D:3      | Reached skill level 1 in Invocations
  2356 | D:3      | Noticed Terence
  2458 | D:3      | Killed Terence
  2459 | D:3      | Reached skill level 1 in Fighting
  2459 | D:3      | Reached skill level 1 in Short Blades
  2459 | D:3      | Reached skill level 1 in Long Blades
  2459 | D:3      | Reached skill level 1 in Axes
  2459 | D:3      | Reached skill level 1 in Maces & Flails
  2459 | D:3      | Reached skill level 1 in Polearms
  2459 | D:3      | Reached skill level 1 in Staves
  2459 | D:3      | Reached skill level 1 in Slings
  2459 | D:3      | Reached skill level 1 in Bows
  2459 | D:3      | Reached skill level 1 in Crossbows
  2459 | D:3      | Reached skill level 1 in Armour
  2459 | D:3      | Reached skill level 1 in Dodging
  2459 | D:3      | Reached skill level 1 in Shields
  2459 | D:3      | Reached skill level 1 in Unarmed Combat
  2459 | D:3      | Reached skill level 1 in Evocations
  2459 | D:3      | Reached XP level 4. HP: 6/32 MP: 1/15
  2787 | D:3      | Noticed Sigmund
  2922 | D:3      | Noticed Robin
  2979 | D:3      | Killed Robin
  3001 | D:3      | Reached skill level 1 in Hexes
  3001 | D:3      | Reached skill level 1 in Summonings
  3001 | D:3      | Reached skill level 1 in Necromancy
  3001 | D:3      | Reached skill level 1 in Translocations
  3001 | D:3      | Reached skill level 1 in Ice Magic
  3001 | D:3      | Reached skill level 1 in Air Magic
  3001 | D:3      | Reached skill level 1 in Earth Magic
  3001 | D:3      | Reached skill level 1 in Poison Magic
  3409 | D:3      | Noticed Grinder
  3410 | D:3      | Paralysed by Grinder for 5 turns
  3418 | D:4      | Noticed Eustachio
  3424 | D:4      | Noticed Menkaure
  3433 | D:4      | Found a snail-covered altar of Cheibriados.
  3468 | D:4      | Became a worshipper of Cheibriados the Contemplative
  3479 | D:4      | Noticed Dowan
  3484 | D:5      | Entered Level 5 of the Dungeon
  3484 | D:5      | Noticed a scorpion
  3484 | D:5      | Found an ancient bone altar of Kikubaaqudgha.
  3549 | D:5      | Gained mutation: You are clumsy. (Dex -2) [potion of
                  | mutation]
  3549 | D:5      | Gained mutation: You are covered in fur. (AC +1) [potion of
                  | mutation]
  3552 | D:5      | HP: 1/32 [poisoned by a scorpion]
  3553 | D:5      | Succumbed to a scorpion's poison

Illustrated notes

Levels and vault maps discovered:
D:1:      minmay_arrival_wavy_path, layout_basic
D:2:      layout_basic, shapermc_ecumenical_altar_totnotflames
D:3:      layout_basic, uniq_sigmund, uniq_grinder, uniq_terence, uniq_robin
D:4:      kb_forest_paths, layout_rooms, mainiacjoe_overflow_24_doors,
          old_standard_altar, uniq_duvessa, uniq_eustachio, uniq_natasha,
          uniq_pikel, uniq_menkaure
D:5:      layout_gridville, nicolae_sif_muna_condensation,
          mainiacjoe_overflow_paths

Skill      XL: |  1  2  3  4 |
---------------+-------------+-----
Spellcasting   | |  9.3
Conjurations   | 2 |  2.3
Fire Magic     | 2 |  2.3
Invocations    | 1 |  1.3
Fighting       | 1 |  1.2
Short Blades   | 1 |  1.2
Long Blades    | 1 |  1.2
Axes           | 1 |  1.2
Maces & Flails | 1 |  1.2
Polearms       | 1 |  1.2
Staves         | 1 |  1.2
Slings         | 1 |  1.2
Bows           | 1 |  1.2
Crossbows      | 1 |  1.2
Armour         | 1 |  1.2
Dodging        | 1 |  1.2
Shields        | 1 |  1.2
Unarmed Combat | 1 |  1.2
Evocations     | 1 |  1.2
Hexes          | 1 |  1.0
Summonings     | 1 |  1.0
Necromancy     | 1 |  1.0
Translocations | 1 |  1.0
Ice Magic      | 1 |  1.0
Air Magic      | 1 |  1.0
Earth Magic    | 1 |  1.0
Poison Magic   | 1 |  1.0
Throwing       | |  2.8
Stealth        | |  2.6
Transmutations | |  3.9

Action                   |  1- 3 |  4- 6 || total
-------------------------+-------+-------++-------
Melee: Dagger            |    32 |    57 ||    89
       Bite              |     5 |     3 ||     8
 Cast: Magic Dart        |    92 |    48 ||   140
       Blink             |     3 |     4 ||     7
  Use: Potion            |     1 |     3 ||     4
       Scroll            |       |     8 ||     8
 Stab: Sleeping          |     4 |       ||     4
       Invisible         |     1 |       ||     1
Armor: Robe              |     8 |     8 ||    16
       Skin              |       |    29 ||    29
       Animal skin       |       |    14 ||    14
Dodge: Dodged            |    24 |    39 ||    63

Table legend: (Time is in decaauts)
 A = Elapsed time spent in this place.
 B = Non-inter-level travel time spent in this place.
 C = Inter-level travel time spent in this place.
 D = Time resting spent in this place.
 E = Time spent auto-exploring this place.
 F = Levels seen in this place.
 G = Mean time per level.
                   A        B        C        D        E       F      G
               +--------+--------+--------+--------+--------+-----+--------+
         Total |   3556 |   3487 |     69 |     28 |   2877 |   5 |  711.2 |
       Dungeon |   3556 |   3487 |     69 |     28 |   2877 |   5 |  711.2 |
               +--------+--------+--------+--------+--------+-----+--------+

Top non-repeatable levels by time:
     D:3: 1383 daAuts
     D:2: 1114 daAuts
     D:1: 917 daAuts
     D:5: 72 daAuts
     D:4: 69 daAuts
